 Dungeon Crawl Stone Soup version 0.30.1-4-g462c640d31 (webtiles) character file.

Game seed: 9143678967887153422

90 Mune the Grave Robber (level 4, -4/15 HPs)
             Began as a Vampire Necromancer on Aug 12, 2023.
             Slain by Grinder (6 damage)
             ... on level 2 of the Dungeon.
             The game lasted 00:13:03 (2569 turns).

Mune the Grave Robber (Vampire Necromancer)         Turns: 2569, Time: 00:13:04

Health: -4/15      AC:  3    Str:  5 (7)  XL:     4   Next: 32%
Magic:  7/7        EV: 13    Int: 17 (19) God:
Gold:   101        SH:  0    Dex: 12 (14) Spells: 3/7 levels left

rFire   . . .        e - +0 dagger
rCold   + + .        (no shield)
rNeg    + + +        a - +0 robe
rPois   ∞            (no helmet)
rElec   .            (no cloak)
rCorr   .            (no gloves)
SInv    +            n - +0 pair of boots
Will    .....        (no amulet)
Stlth   ++++         h - ring of positive energy
HPRegen 0.00/turn    (no ring)
MPRegen 0.10/turn

%: no passive effects
@: bloodless, inhibited regen
A: bloodless, fangs 3, see invisible, vampiric 2, [frail 3]
a: Bat Form, Revivify


You were on level 2 of the Dungeon.
You visited 1 branch of the dungeon, and saw 3 of its levels.

You collected 101 gold pieces.

Inventory:

Hand Weapons
 e - a +0 dagger (weapon)
Armour
 a - a +0 robe (worn)
 n - a +0 pair of boots (worn)
Jewellery
 h - a ring of positive energy (left hand)
 s - an amulet of faith
Wands
 p - a wand of acid (5)
Scrolls
 c - 2 scrolls of teleportation {unknown}
 f - a scroll of enchant armour {unknown}
 g - a scroll of enchant weapon {unknown}
 i - 3 scrolls of fog {unknown}
 j - a scroll of blinking {unknown}
 k - 2 scrolls of identify {unknown}
 m - 3 scrolls of vulnerability {unknown}
 q - a scroll of poison {unknown}
 r - a scroll of magic mapping {unknown}
Potions
 b - a potion of magic
 d - 2 potions of curing {unknown}
 l - a potion of degeneration {unknown}
 o - a potion of ambrosia {unknown}
 t - a potion of cancellation {unknown}
 u - a potion of heal wounds {unknown}


   Skills:
 * Level 1.0 Short Blades
 + Level 4.1 Dodging
 - Level 3.2 Stealth
 - Level 2.1 Spellcasting
 - Level 5.0 Necromancy


You had 3 spell levels left.
You knew the following spells:

 Your Spells              Type           Power      Damage    Failure   Level
a - Necrotise             Necr           72%        1d7       2%          1
b - Vampiric Draining     Necr           18%        2d7       8%          3

Your spell library contained the following spells:

 Spells                   Type           Power      Damage    Failure   Level
 Animate Dead             Necr           18%        N/A       24%         4
 Agony                    Necr           18%        N/A       56%         5


Dungeon Overview and Level Annotations

Branches:
Dungeon (3/15)

Altars:

Annotations:
D:2 Grinder


Innate Abilities, Weirdness & Mutations

You do not regenerate when monsters are visible.
You are frail without blood (-20% HP).
You can heal yourself when you bite living creatures.
You are immune to poison.
You have razor-sharp teeth.
You have supernaturally acute eyesight. (SInv)
You are afflicted with vampirism and can become a bat while bloodless.
[You are extremely frail. (-30% HP)]


Message History

Okay, then.
You climb downwards.
Level annotation: Grinder
There is a stone staircase leading up here.
Grinder blinks!
There is a stone staircase leading up here.
Okay, then.
You begin the revivification ritual.
You continue your ritual. x4
Grinder gestures at you.
You suddenly lose the ability to move!
You stop revivifying.
Grinder drinks a potion.
Grinder seems to speed up.
Grinder gestures at you.
You shrug off the repeated paralysis!
Grinder hits you. Grinder hits you but does no damage.
You can move again.
Grinder closely misses you.
You climb upwards.
There is a stone staircase leading down here.
You can't see any susceptible monsters within range! (Use Z to cast anyway.)
Casting: Necrotise (safe; 2% risk of failure)
Confirm with . or Enter, or press ? or * to list all spells.
You can't see any susceptible monsters within range! (Use Z to cast anyway.)
Casting: Necrotise (safe; 2% risk of failure)
Confirm with . or Enter, or press ? or * to list all spells.
You can't see any susceptible monsters within range! (Use Z to cast anyway.)
Casting: Necrotise (safe; 2% risk of failure)
Confirm with . or Enter, or press ? or * to list all spells.
Okay, then.
You barely miss Grinder. Grinder hits you. x2
You completely miss Grinder. Grinder hits you.
* * * LOW HITPOINT WARNING * * *
You closely miss Grinder. Grinder hits you.
* * * LOW HITPOINT WARNING * * *
You hit Grinder.
Grinder is lightly wounded.
Grinder closely misses you. Grinder barely misses you.
You closely miss Grinder.
Grinder is lightly wounded.
Grinder hits you.
You die...

...##...##.).##...##...##...#####
#.##.....##.##.....##.##.....##..
#+#.......#''...♣...''#.......#'#
#.##.....##.##.....##.##.....##.#
...##...##...##...##...##...##...
....##'##..⌠..##'##..⌠..##'##....
...##...##...##...##...##...##...
#.##.....##.##.....##.##.....##.#
#'#...<...''#[..@5..#''...<...#+#
#.##.....##.##.....##.##.....##.#
...##...##...##...##...##...##...
....##+##..⌠..##'##..⌠..##'##....
...##.).##...##...##...##...##...
#.##.....##.##.....##.##.....##.#
#'#.......#''...♣...''#.......#+#
#.##.....##.##.....##.##.....##..
#.###...##...##...##...##...#####


You could see Grinder (fast).

Vanquished Creatures
  3 adders
  A dart slug (D:2)
  5 ball pythons
  5 bats
  3 endoplasms (D:1)
  5 giant cockroaches
  5 goblins
  3 hobgoblins
  2 jackals (D:1)
  3 quokkas (D:2)
  A frilled lizard (D:2)
  8 kobolds
  A rat (D:2)
45 creatures vanquished.

Vanquished Creatures (collateral kills)
  An adder (D:2)
  A rat (D:2)
2 creatures vanquished.

Grand Total: 47 creatures vanquished

Notes
Turn   | Place    | Note
-------+----------+-------------------------------------------
     0 | D:1      | Mune the Vampire Necromancer began the quest for the Orb.
     0 | D:1      | Reached XP level 1. HP: 13/13 MP: 3/3
   175 | D:1      | Reached XP level 2. HP: 19/19 MP: 1/5
  1413 | D:2      | Gained mutation: You are afflicted with vampirism and can
                  | become a bat while bloodless. [Vampire growth]
  1413 | D:2      | Reached XP level 3. HP: 12/12 MP: 3/6
  1471 | D:2      | Reached skill level 5 in Necromancy
  1949 | D:2      | Reached XP level 4. HP: 19/21 MP: 3/7
  2036 | D:2      | Learned a level 3 spell: Vampiric Draining
  2511 | D:3      | Reached skill level 1 in Short Blades
  2530 | D:3      | Found a faded altar of an unknown god.
  2530 | D:3      | Noticed Grinder
  2558 | D:3      | Paralysed by Grinder for 5 turns
  2569 | D:2      | Slain by Grinder

Illustrated notes

Levels and vault maps discovered:
D:1:      evilmike_arrival_hilbert_curve, layout_basic, minmay_tall_x
D:2:      layout_loops_ring, st_stairs_14, chequers_serial_rivers_large_b,
          nicolae_hexahallways, hangedman_decor_growths
D:3:      minmay_bubble_buster, layout_loops_ring,
          grunt_temple_overflow_bloody_war, shapermc_ecumenical_altar_gd,
          uniq_crazy_yiuf_cottage, uniq_sigmund, uniq_grinder

Skill      XL: |  1  2  3  4 |
---------------+-------------+-----
Dodging        | 3 4 |  4.1
Necromancy     | 5 |  5.0
Short Blades   | 1 |  1.0
Stealth        | |  3.2
Spellcasting   | |  2.1

Action                     |  1- 3 |  4- 6 || total
---------------------------+-------+-------++-------
  Melee: Unarmed           |     3 |       ||     3
         Dagger            |    42 |     5 ||    47
         Bite              |     4 |       ||     4
   Cast: Necrotise         |    62 |     8 ||    70
Ability: Exsanguinate      |    11 |     1 ||    12
         Revivify          |    10 |     1 ||    11
         End Transformatio |       |     1 ||     1
         Bat Form          |       |     1 ||     1
   Stab: Distracted        |     1 |       ||     1
 Armour: Robe              |    15 |     1 ||    16
  Dodge: Dodged            |    49 |     4 ||    53
